Map: World of Sleepers LE

Players

Cure - Winner!

  • Race: Terran Terran
  • League: Master
  • Spawn Location: 7:00

DPGPartinG (PartinG)

  • Race: Protoss Protoss
  • League: Master
  • Spawn Location: 1:00

Event: HomeStory Cup XX

VOD

Have the link to the VOD?

Description

Time

  • Played on: Nov. 23, 2019, 4:09 p.m.
  • Length: 16:10

All games in this series

Show
View Real Time Build Order
Export as new Build Order

Cure Terran - Winner!

Build Orders: Gas First Reaper Expand, Banshee Rush 

Get SALT Encoding   

  12  0:00  SCV  
  13  0:12  SCV  
  14  0:17  Supply Depot  
  14  0:25  SCV  
  14  0:27  Refinery  
  15  0:38  SCV  
  16  0:43  Barracks  
  16  0:50  SCV  
  17  1:02  SCV  
  18  1:14  SCV  
  19  1:30  Orbital Command, Reaper  
  20  1:42  Command Center  
  20  1:55  Factory  
  20  1:56  SCV  
  21  2:05  Barracks Reactor  
  21  2:08  SCV  
  21  2:13  Supply Depot  
  22  2:15  Refinery  
  22  2:20  SCV  
  23  2:34  SCV  
  24  2:41  Starport  
  24  2:46  SCV  
  24  2:49  Hellion x2  
  29  2:53  Barracks Tech Lab  
  29  2:56  Orbital Command  
  29  2:58  SCV  
  30  3:11  Hellion x2  
  30  3:12  SCV  
  34  3:23  SCV  
  34  3:24  SCV  
  34  3:25  Cloaking Field  
  35  3:30  Banshee  
  38  3:36  SCV  
  38  3:37  SCV  
  38  3:39  Supply Depot  
  40  3:42  Factory Tech Lab  
  40  3:45  Marine  
  40  3:46  Marine  
  42  3:49  SCV x2  
  44  3:57  Supply Depot  
  44  4:01  SCV x2  
  44  4:08  Marine x2  
  42  4:10  Siege Tank  
  42  4:13  SCV x2  
  42  4:14  Banshee  
  48  4:25  SCV x2  
  48  4:26  Marine x2, Bunker  
  52  4:37  SCV x2  
  54  4:44  Command Center  
  54  4:50  Supply Depot  
  54  4:51  Marine x2  
  59  4:52  Siege Tank  
  59  4:55  SCV x2  
  58  5:07  SCV x2  
  58  5:09  Raven  
  58  5:12  Marine x2, Barracks  
  58  5:13  Supply Depot  
  64  5:18  Barracks  
  64  5:20  SCV x2  
  66  5:27  Supply Depot  
  66  5:32  SCV  
  66  5:33  SCV  
  68  5:36  Refinery x2  
  68  5:45  Stimpack, SCV x2  
  68  5:46  Engineering Bay  
  68  5:47  Marauder, Engineering Bay  
  72  5:54  Factory Reactor  
  73  5:57  Orbital Command, SCV x2  
  73  6:00  Starport Reactor  
  73  6:03  Barracks  
  74  6:09  Marauder  
  74  6:10  Marauder, Barracks  
  78  6:12  Marine x2  
  78  6:13  Terran Infantry Weapons Level 1  
  78  6:14  SCV  
  78  6:15  SCV  
  82  6:18  Terran Infantry Armor Level 1  
  82  6:22  Missile Turret  
  82  6:29  Combat Shield  
  82  6:30  SCV x2  
  82  6:31  Marauder  
  86  6:34  Marauder  
  86  6:35  Marine x2  
  86  6:36  SCV  
  86  6:39  Supply Depot  
  91  6:40  Supply Depot  
  91  6:41  Medivac  
  91  6:43  SCV  
  91  6:44  SCV  
  95  6:50  Supply Depot  
  95  6:54  Marine x2, Marauder  
  98  6:55  Marauder  
  98  6:57  Orbital Command  
  98  6:58  Barracks Reactor, Barracks Tech Lab  
  98  7:01  SCV x2  
  103  7:02  Medivac  
  103  7:06  Widow Mine  
  103  7:07  Widow Mine  
  108  7:13  SCV x2  
  108  7:15  Supply Depot x2  
  109  7:18  Marine x2, Marauder  
  109  7:19  Marauder x2  
  114  7:23  SCV  
  114  7:25  SCV x2  
  114  7:28  Concussive Shells  
  114  7:29  Armory  
  117  7:35  SCV  
  117  7:36  Marine x2  
  120  7:37  SCV  
  120  7:38  Marine x2  
  120  7:40  Marauder x2  
  120  7:42  Refinery  
  120  7:43  Refinery  
  127  7:44  Medivac  
  127  7:46  Marauder  
  131  7:52  Widow Mine, Supply Depot x2  
  131  7:57  Widow Mine  
  135  7:59  Marine x3  
  135  8:01  Marauder  
  127  8:21  Marine x2  
  127  8:22  Marine x2, Marauder x2  
  127  8:23  Marauder  
  133  8:30  Orbital Command  
  131  8:43  Marine x3  
  131  8:45  Marine, Orbital Command  
  131  8:46  Marauder x2  
  131  8:47  Marauder  
  114  9:00  Medivac  
  114  9:01  Medivac  
  114  9:06  Marine x2  
  114  9:07  Marine, Marauder x2  
  114  9:09  Marauder  
  123  9:14  Widow Mine  
  125  9:29  Supply Depot x2  
  125  9:30  Marauder, Widow Mine  
  129  9:34  Marine x2, Marauder x2  
  133  9:50  Medivac x2, Marine x2  
  133  9:51  Marauder, Widow Mine, SCV x3, Supply Depot  
  146  9:53  Supply Depot  
  146  9:57  Terran Infantry Weapons Level 2  
  146  9:58  Marine  
  146  9:59  Marauder  
  149  10:09  Refinery  
  149  10:12  Refinery  
  149  10:13  Widow Mine, SCV x3, Supply Depot x2  
  154  10:20  Medivac  
  153  10:26  Marine x4, Marauder  
  153  10:27  Marauder x2  
  127  10:31  Medivac, Widow Mine  
  127  10:34  Widow Mine  
  115  10:40  SCV  
  115  10:41  SCV x2  
  113  10:44  Marine x4  
  113  10:48  Marauder x3  
  123  10:54  Terran Infantry Armor Level 2  
  123  10:57  Command Center  
  123  10:58  Widow Mine  
  123  11:01  SCV x2  
  123  11:02  Marine  
  128  11:05  Medivac, Widow Mine  
  128  11:07  SCV  
  128  11:09  Marauder x2  
  137  11:13  Ghost Academy  
  137  11:17  Marauder  
  139  11:21  Marine  
  138  11:28  Marine x2  
  138  11:31  Marauder x2  
  142  11:38  Marauder  
  142  11:39  Widow Mine x2  
  143  11:40  Medivac x2  
  143  11:45  SCV x3  
  143  11:46  Marine x2  
  149  11:48  Marine x2  
  149  11:52  Marauder  
  152  11:57  SCV x3  
  152  11:58  Enhanced Shockwaves  
  151  12:06  Ghost  
  153  12:09  SCV x2  
  153  12:13  Ghost x2  
  157  12:19  Marine x3  
  157  12:34  Marine  
  157  12:35  Ghost  
  157  12:36  Widow Mine  
  157  12:37  Marine, Widow Mine  
  154  12:38  Medivac x2  
  154  12:41  Ghost  
  161  12:45  Planetary Fortress  
  161  12:48  SCV x3, Unknown  
  161  12:49  Ghost  
  166  12:51  Marine  
  166  12:52  Marine x2  
  166  12:55  Marine  
  168  13:00  Liberator x2  
  168  13:04  Marauder  
  170  13:09  Marine  
  170  13:10  Marine x2  
  170  13:11  Marauder  
  174  13:13  Marine  
  174  13:18  Marauder, Widow Mine x2  
  183  13:27  Marine x2, Marauder  
  183  13:28  Marine  
  183  13:30  Marine  
  183  13:32  Marauder  
  191  13:39  Marauder  
  180  13:52  Marine x2  
  180  13:53  Marauder x2  
  147  13:57  Marine x2  
  147  14:00  Medivac x2, Ghost  
  137  14:07  Widow Mine x2  
  135  14:10  Marine x2  
  135  14:13  Ghost, Barracks x2  
  135  14:15  Marauder, Marine x2  
  141  14:25  Barracks  
  141  14:29  Marauder  
  141  14:30  Medivac x2  
  147  14:34  Marine x4  
  147  14:35  Widow Mine x2  
  147  14:36  Marauder  
  157  14:42  Ghost  
  159  14:51  Marauder  
  159  14:52  Marine x2  
  166  14:58  Marauder  
  157  15:00  Medivac  
  159  15:08  Barracks Tech Lab x2  
  159  15:11  Marauder  
  159  15:12  Marauder  
  159  15:13  Command Center  
  159  15:14  Marine x3  
  163  15:19  Marauder  
  168  15:30  Ghost  
  168  15:31  Marine x4, Ghost  
  168  15:32  Marine  
  168  15:33  Marauder x2  
  177  15:40  Marauder  
  168  15:49  Marine x5, Widow Mine x2  
  175  15:57  SCV x2  
  175  15:58  SCV x2  
  175  16:00  Starport  
  175  16:01  Fusion Core  
Show
View Real Time Build Order
Export as new Build Order

DPGPartinG Protoss 

Build Orders: 1 Gate Expand, Blink Stalkers 

Get SALT Encoding   

  12  0:00  Probe  
  13  0:12  Probe  
  14  0:17  Pylon  
  14  0:24  Probe  
  14  0:28  Assimilator  
  15  0:33  Probe  
  15  0:41  Probe, Gateway  
  17  0:51  Probe  
  18  1:03  Probe  
  19  1:15  Probe  
  20  1:22  Nexus  
  20  1:31  Cybernetics Core  
  20  1:35  Probe  
  20  1:39  Assimilator  
  21  1:47  Probe  
  21  1:49  Pylon  
  22  1:57  Adept  
  22  1:58  Probe  
  23  2:06  Probe  
  23  2:07  Warp Gate  
  25  2:14  Probe  
  25  2:15  Twilight Council  
  27  2:25  Probe  
  27  2:29  Stalker  
  30  2:32  Probe, Blink  
  31  2:37  Probe  
  31  2:40  Probe  
  32  2:49  Probe  
  32  2:50  Probe  
  35  2:59  Stalker  
  37  3:06  Probe x2  
  39  3:15  Robotics Facility  
  39  3:23  Probe x2  
  39  3:29  Gateway  
  39  3:30  Gateway  
  39  3:34  Shield Battery  
  39  3:36  Probe x2  
  41  3:48  Probe x2  
  41  3:51  Shield Battery  
  43  3:57  Stalker  
  43  4:00  Pylon  
  40  4:09  Probe x2  
  36  4:13  Nexus  
  36  4:15  Observer  
  37  4:17  Probe  
  37  4:21  Probe  
  39  4:25  Probe, Stalker  
  42  4:32  Pylon  
  42  4:33  Probe  
  42  4:35  Probe  
  42  4:37  Pylon  
  45  4:38  Observer  
  46  4:45  Probe  
  46  4:47  Probe  
  46  4:48  Forge  
  47  4:54  Stalker  
  47  4:55  Probe  
  47  4:57  Probe  
  50  5:00  Observer  
  50  5:04  Probe  
  47  5:09  Probe  
  47  5:12  Forge  
  49  5:15  Probe  
  49  5:20  Assimilator  
  50  5:22  Probe  
  50  5:23  Probe  
  50  5:27  Protoss Ground Weapons Level 1  
  52  5:29  Observer  
  52  5:31  Probe  
  52  5:34  Probe, Protoss Ground Armor Level 1  
  55  5:45  Probe x2  
  55  5:46  Probe  
  55  5:49  Charge  
  58  5:53  Probe  
  59  5:57  Probe  
  59  5:58  Probe  
  59  6:00  Gateway  
  59  6:03  Gateway  
  59  6:04  Gateway  
  61  6:05  Probe  
  61  6:09  Probe, Pylon  
  61  6:10  Probe, Observer  
  64  6:14  Stalker  
  64  6:15  Stalker  
  64  6:16  Sentry  
  70  6:22  Gateway  
  70  6:24  Probe x2  
  70  6:25  Probe  
  73  6:28  Observer  
  73  6:36  Probe x2  
  73  6:37  Probe, Warp Prism  
  78  6:43  Sentry  
  78  6:44  Pylon  
  78  6:47  Stalker  
  82  6:48  Probe  
  82  6:49  Probe x2  
  85  6:58  Gateway  
  85  7:03  Pylon, Zealot x4  
  92  7:17  Pylon  
  92  7:18  Observer, Pylon x2  
  92  7:21  Immortal  
  96  7:23  Pylon  
  96  7:28  Protoss Ground Armor Level 2  
  96  7:29  Zealot x2  
  100  7:33  Pylon  
  100  7:34  Pylon  
  100  7:35  Protoss Ground Weapons Level 2  
  100  7:36  Zealot x4  
  108  7:37  Zealot  
  110  7:48  Assimilator  
  110  7:51  Probe x2, Templar Archives  
  110  7:52  Probe  
  109  8:09  Zealot x4  
  109  8:10  Zealot x4  
  113  8:21  Immortal  
  117  8:30  Zealot x6  
  122  8:46  Psionic Storm  
  105  8:52  Nexus  
  105  8:57  Observer  
  105  9:02  High Templar x2  
  105  9:05  Assimilator  
  105  9:06  Assimilator  
  109  9:11  Pylon  
  109  9:21  Warp Prism  
  109  9:24  Probe x2  
  112  9:29  Zealot x2, High Templar  
  119  9:34  Zealot  
  119  9:35  Observer  
  119  9:37  Probe  
  116  9:43  High Templar  
  116  9:44  Zealot  
  120  9:49  Gateway  
  120  9:53  Gateway  
  120  10:07  Zealot x4  
  124  10:08  High Templar  
  123  10:28  Archon  
  97  10:29  Zealot x5  
  97  10:32  Observer  
  103  10:42  Probe x3  
  102  10:44  Immortal  
  102  10:46  High Templar x2  
  106  10:56  Probe  
  106  10:57  Assimilator, Probe  
  112  10:59  High Templar  
  112  11:06  Nexus  
  112  11:07  Zealot  
  112  11:08  Pylon, Zealot x3  
  118  11:12  Zealot  
  120  11:18  Probe  
  120  11:21  Observer  
  120  11:23  Zealot  
  120  11:24  Zealot  
  119  11:30  Probe, Zealot x6  
  132  11:39  Archon  
  129  11:43  Protoss Ground Weapons Level 3  
  129  11:45  Nexus  
  129  11:46  Zealot x2  
  131  11:48  Pylon  
  131  11:53  Probe x3  
  132  11:56  Warp Prism  
  132  11:58  Zealot x4  
  132  11:59  High Templar x2  
  132  12:01  Protoss Ground Armor Level 3  
  140  12:11  High Templar x2  
  144  12:25  Zealot x4  
  123  12:38  Zealot x2  
  123  12:40  Observer  
  121  12:46  High Templar x3  
  125  12:54  Probe  
  125  12:56  Zealot x3  
  131  13:00  Probe x3  
  131  13:03  Probe  
  131  13:04  Robotics Bay  
  132  13:16  Zealot x2  
  132  13:19  Zealot x6  
  130  13:38  Zealot x2  
  130  13:41  Zealot x6  
  91  13:59  Zealot x2  
  91  14:01  Observer, Warp Prism  
  85  14:04  High Templar x5  
  97  14:14  Archon x2  
  97  14:15  Zealot  
  99  14:29  Nexus, High Templar x2  
  103  14:37  Pylon  
  103  14:38  Observer, High Templar  
  103  14:39  High Templar  
  103  14:40  High Templar x2  
  103  14:42  Zealot  
  103  14:43  Zealot  
  112  15:02  Zealot x2  
  112  15:03  Zealot x2  
  120  15:16  Archon  
  120  15:19  Zealot x4  
  121  15:25  Stalker x2  
  121  15:26  Stalker  
  109  15:36  Stalker  
  98  15:46  Stalker x2  
  98  15:49  High Templar  
  92  15:55  High Templar x2, Archon  
  92  16:01  Zealot  
Tags
 
Add a new tag
Caveats
  • Supply blocks, unpowered buildings, or Contaminate may cause inaccurate times.
  • Supply counts are checked every 10 seconds.